 Dungeon Crawl Stone Soup version 0.32-a0-558-g233958a4c4 (webtiles) character file.

Game seed: 16661210503867818986

25 mopl the Grasshopper (level 3, 0/21 (27) HPs)
             Began as a Formicid Warper on Feb 29, 2024.
             Slain by Sigmund
             ... wielding a +0 scythe
              (10 damage)
             ... on level 2 of the Dungeon.
             The game lasted 00:01:46 (1067 turns).

mopl the Grasshopper (Formicid Warper)              Turns: 1067, Time: 00:01:47

HP:   0/21 (27)     AC:  3    Str: 15    XL:     3   Next: 17%
MP:   6/6           EV: 11    Int: 14    God:
Gold: 53            SH:  0    Dex: 13    Spells: 5/7 levels left

rFire   . . .        l - +0 short sword (drain)
rCold   . . .        (no shield)
rNeg    . . .        b - +0 leather armour
rPois   .            (helmet unavailable)
rElec   .            (no cloak)
rCorr   .            (no gloves)
SInv    +            (no boots)
Will    .....        (no amulet)
Stlth   +            (no ring)
HPRegen 0.23/turn    (no ring)
MPRegen 0.10/turn

%: no passive effects
@: heavily drained
A: permanent stasis, dig shafts and tunnels, antennae 3, four strong arms
a: Dig, Shaft Self


You were on level 2 of the Dungeon.
You visited 1 branch of the dungeon, and saw 2 of its levels.

You collected 53 gold pieces.

Inventory:

Hand Weapons
 a - a +0 falchion
 f - a +2 vampiric whip
 l - a +0 short sword of draining (weapon)
Missiles
 c - 7 darts of dispersal (quivered)
 i - 5 stones
Armour
 b - a +0 leather armour (worn)
 d - a +0 chain mail
 o - a +0 plate armour
Jewellery
 h - an amulet of reflection
 n - a ring of flight
Scrolls
 e - 2 scrolls of revelation {unknown}
 g - 2 scrolls of identify {unknown}
 k - a scroll of noise {unknown}
 m - 2 scrolls of enchant weapon {unknown}
 p - a scroll of fear {unknown}
Potions
 j - a potion of degeneration {unknown}
 q - a potion of curing {unknown}


   Skills:
 - Level 2.1 Fighting
 * Level 2.6 Long Blades
 - Level 1.0 Throwing
 - Level 1.1 Armour
 - Level 1.7 Dodging
 + Level 2.5 Spellcasting
 * Level 3.1 Translocations


You had 5 spell levels left.
You knew the following spells:

 Your Spells              Type           Power      Damage    Failure   Level
b - Lesser Beckoning      Tloc           20%        N/A       12%         2

Your spell library contained the following spells:

 Spells                   Type           Power      Damage    Failure   Level
 Apportation              Tloc           20%        N/A       8%          1
 Teleport Other           Tloc           10%        N/A       22%         3
 Necrotise                Necr           4%         1d4       28%         1
 Sting                    Conj/Alch      4%         1d3       28%         1
 Summon Small Mammal      Summ           4%         N/A       28%         1
 Sublimation of Blood     Necr           1%         N/A       38%         2
 Manifold Assault         Tloc           10%        N/A       58%         4
 Call Canine Familiar     Summ           1%         N/A       63%         3
 Summon Ice Beast         Ice/Summ       1%         N/A       63%         3
 Brom's Barrelling Bould  Conj/Erth      1%         2d3       95%         4
 Petrify                  Alch/Erth      1%         N/A       95%         4
 Summon Blazeheart Golem  Fire/Summ      1%         N/A       95%         4
 Fireball                 Conj/Fire      0%         3d3       100%        5
 Irradiate                Conj/Alch      0%         3d11      100%        5
 Iskenderun's Battlesphe  Conj           1%         2d6       100%        5
 Summon Mana Viper        Hex/Summ       1%         N/A       100%        5
 Conjure Ball Lightning   Conj/Air       0%         3x3d6     100%        6
 Monstrous Menagerie      Summ           0%         N/A       100%        7
 Orb of Destruction       Conj           0%         9d5       100%        7
 Blink                    Tloc           Unusable   N/A       N/A         2
 Vhi's Electric Charge    Tloc/Air       Unusable   N/A       N/A         4

Dungeon Overview and Level Annotations

Branches:
Dungeon (2/15)

Altars:

Annotations:
D:2 Sigmund


Innate Abilities, Weirdness & Mutations

You cannot be hasted, slowed, berserked, paralysed or teleported.
You can dig through walls and to a lower floor.
You have a pair of large antennae on your head. (SInv)
Your four strong arms can wield two-handed weapons with a shield.


Message History

You see here a +0 short sword.
There is an escape hatch in the floor here.
Found a stone staircase leading down.
There is a stone staircase leading down here.
Sigmund is nearby!
Sigmund is nearby!
What are your orders? t - Shout!
Orders for allies: a - Attack new target. r - Retreat! s - Stop attacking. g - Guard the area. f - Follow me.
Anything else - Cancel.
You shout for attention!
Sigmund shouts!
Sigmund casts a spell.
Sigmund flickers and vanishes for a moment.
Saving game... please wait.
Level annotation: Sigmund Welcome back, mopl the Formicid Warper.
Press ? for a list of commands and other information.
You start waiting.
Sigmund is nearby!
You closely miss Sigmund. Sigmund hits you but does no damage.
You feel the dreadful sensation subside.
You sense an unholy aura.
l - a +0 short sword of draining (weapon)
You closely miss Sigmund. Sigmund hits you with a +0 scythe!
Ouch! That really hurt!
You are too injured to fight recklessly!
You are too injured to fight recklessly!
You are too injured to fight recklessly!
You hit Sigmund. You drain Sigmund.
Sigmund is lightly wounded.
Sigmund barely misses you.
You closely miss Sigmund.
Sigmund is lightly wounded.
You hit Sigmund.
Sigmund is moderately wounded.
Sigmund hits you with a +0 scythe!
You die...
Sigmund begins carving another notch in his scythe.

.## #.## #.# #@#[##.#
..###..#####.###.#.##.#
.†....)...............#
#..~♣~.~~.~..###.#.####
#.~~~≈.≈...### #.#.#
#.....~.~..# #.#.#
#.##..~...~#####.#.#
#.≈~≈~♣..~~.....#@.#
...~~~#≈~.######@###
..~~≈~~~≈.. #.# ..#
####


You could see Sigmund (invisible, very drained).

Vanquished Creatures
  2 giant cockroaches (D:1)
  2 goblins
  2 hobgoblins (D:1)
  6 kobolds
  3 quokkas (D:1)
  3 ball pythons
  2 bats (D:2)
  A frilled lizard (D:1)
  2 rats (D:2)
23 creatures vanquished.

Notes
Turn   | Place    | Note
-------+----------+-------------------------------------------
     0 | D:1      | mopl the Formicid Warper began the quest for the Orb.
     0 | D:1      | Reached XP level 1. HP: 16/16 MP: 3/3
   120 | D:1      | Reached XP level 2. HP: 20/22 MP: 5/5
   128 | D:1      | Learned a level 2 spell: Lesser Beckoning
   186 | D:1      | Found a faded altar of an unknown god.
   301 | D:1      | Reached skill level 3 in Translocations
   822 | D:2      | Reached XP level 3. HP: 18/20 MP: 6/6
   884 | D:2      | Noticed Sigmund
  1067 | D:2      | Slain by Sigmund

Illustrated notes

Levels and vault maps discovered:
D:1:      wheals_arrival_linesprint, layout_loops_ring,
          shapermc_ecumenical_altar_gd, ebering_dispersal_statue_hall,
          minmay_tripent
D:2:      layout_loops_ring, chequers_jeans, chequers_serial_rivers_marsh,
          uniq_sigmund, uniq_natasha

Skill      XL: |  1  2 |
---------------+-------+-----
Translocations | 3 |  3.1
Fighting       | |  2.1
Long Blades    | |  2.6
Throwing       | |  1.0
Armour         | |  1.1
Dodging        | |  1.7
Spellcasting   | |  2.5

Action                     || total
---------------------------++-------
  Melee: Whip              ||    84
         Falchion          ||     4
         Short sword       ||     4
 Armour: Leather armour    ||    73
  Dodge: Dodged            ||    46

Table legend: (Time is in decaauts)
 A = Elapsed time spent in this place.
 B = Non-inter-level travel time spent in this place.
 C = Inter-level travel time spent in this place.
 D = Time resting spent in this place.
 E = Time spent auto-exploring this place.
 F = Levels seen in this place.
 G = Mean time per level.
                   A        B        C        D        E       F      G
               +--------+--------+--------+--------+--------+-----+--------+
         Total |   1074 |   1022 |     52 |     10 |    738 |   2 |  537.0 |
       Dungeon |   1074 |   1022 |     52 |     10 |    738 |   2 |  537.0 |
               +--------+--------+--------+--------+--------+-----+--------+

Top non-repeatable levels by time:
     D:1: 780 daAuts
     D:2: 293 daAuts
